TOP OF THE 1ST |
Washington Nationals batting - Pitching for San Diego Padres : RHP German Marquez
|
Pitching: RHP German Marquez
|
|
Batting: LHB Andrew Benintendi
|
0-0: Ball 1-0: Foul Ball, location: 2F 1-1: Ball 2-1: Foul Ball, location: 2F 2-2: Ball 3-2: Base on Balls
|
Batting: RHB Adeiny Hechavarria
|
0-0: Swinging Strike 0-1: Ball 1-1: Sac Bunt to P - play at second, runner OUT! 1-6
|
Batting: LHB Yonder Alonso
|
0-0: Called Strike 0-1: Ball Wild Pitch! Adeiny Hechavarria to second 1-1: Ground out 6-3 (Groundball, 6M, EV 110.0 MPH) Adeiny Hechavarria to third
|
Batting: RHB Chris Taylor
|
0-0: Ball 1-0: Ball 2-0: Ball 3-0: Called Strike 3-1: Foul Ball, location: 2F 3-2: Strikes out swinging
|
Top of the 1st over - 0 runs, 0 hits, 0 errors, 1 left on base; Washington 0 - San Diego 0 |
BOTTOM OF THE 1ST |
San Diego Padres batting - Pitching for Washington Nationals : RHP Dustin May
|
Pitching: RHP Dustin May
|
|
Batting: SHB Victor Caratini
|
0-0: SINGLE (Line Drive, 9S, EV 90.6 MPH)
|
Batting: RHB Jose Altuve
|
0-0: Ball 1-0: Ball 2-0: Ball 3-0: Base on Balls Victor Caratini to second
|
Batting: LHB Mike Tauchman
|
0-0: Ball 1-0: Ball 2-0: Called Strike 2-1: Foul Ball, location: 2F 2-2: Foul Ball, location: 2F 2-2: Ball 3-2: Foul Ball, location: 2F 3-2: Foul Ball, location: 2F 3-2: Fly out, F6 (Popup, 6S, EV 63.8 MPH)
|
Batting: LHB Max Kepler
|
0-0: Ball 1-0: Ball 2-0: Ball 3-0: Foul Ball, location: 2F 3-1: Base on Balls Victor Caratini to third Jose Altuve to second
|
Batting: SHB Carlos Santana
|
0-0: Ball 1-0: Called Strike 1-1: Foul Ball, location: 2F 1-2: Ball 2-2: DOUBLE (Line Drive, 3D, EV 101.3 MPH) Victor Caratini scores Jose Altuve scores Max Kepler to third Runner from 3rd tries for Home, throw by RF and OUT! 9-4-2 Carlos Santana to third
|
Batting: SHB Freddy Galvis
|
0-0: Ball 1-0: Called Strike 1-1: Foul Ball, location: 2F 1-2: Ball 2-2: DOUBLE (Line Drive, 7LD, EV 108.8 MPH) Carlos Santana scores
|
Batting: SHB Johan Camargo
|
0-0: Fly out, F8 (Line Drive, 8RM, EV 94.4 MPH)
|
Bottom of the 1st over - 3 runs, 3 hits, 0 errors, 1 left on base; Washington 0 - San Diego 3 |
TOP OF THE 2ND |
Washington Nationals batting - Pitching for San Diego Padres : RHP German Marquez
|
Batting: RHB Evan Longoria
|
0-0: Called Strike 0-1: Ball 1-1: Foul Ball, location: 2F 1-2: Ball 2-2: Foul Ball, location: 2F 2-2: DOUBLE (Line Drive, 78M, EV 102.5 MPH)
|
Batting: LHB Jackie Bradley Jr.
|
0-0: Fly out, F6 (Line Drive, 6M, EV 105.0 MPH)
|
Batting: LHB Matt Beaty
|
0-0: Ball 1-0: Foul Ball, location: 2F 1-1: Ball 2-1: Ball 3-1: Fly out, F8 (Flyball, 89D, EV 102.5 MPH) Runner from 2nd tags up, SAFE at 3rd, no throw by CF
|
Batting: RHB Tom Murphy
|
0-0: Swinging Strike 0-1: Called Strike 0-2: Ball 1-2: Strikes out swinging
|
Top of the 2nd over - 0 runs, 1 hit, 0 errors, 1 left on base; Washington 0 - San Diego 3 |
BOTTOM OF THE 2ND |
San Diego Padres batting - Pitching for Washington Nationals : RHP Dustin May
|
Batting: RHB German Marquez
|
0-0: Called Strike 0-1: Ball 1-1: Fly out, F7 (Flyball, 7LM, EV 102.5 MPH)
|
Batting: RHB Lorenzo Cain
|
0-0: Ball 1-0: Foul Ball, location: 2F 1-1: Foul Ball, location: 2F 1-2: Ball 2-2: Strikes out swinging
|
Batting: SHB Victor Caratini
|
0-0: Foul Ball, location: 2F 0-1: Ball 1-1: Foul Ball, location: 2F 1-2: Strikes out swinging
|
Bottom of the 2nd over - 0 runs, 0 hits, 0 errors, 0 left on base; Washington 0 - San Diego 3 |
TOP OF THE 3RD |
Washington Nationals batting - Pitching for San Diego Padres : RHP German Marquez
|
Batting: RHB Dustin May
|
0-0: Swinging Strike 0-1: Ball 1-1: Foul Ball, location: 2F 1-2: Foul Ball, location: 2F 1-2: Foul Ball, location: 2F 1-2: Strikes out swinging
|
Batting: LHB Andrew Benintendi
|
0-0: Swinging Strike 0-1: Foul Ball, location: 2F 0-2: Ball 1-2: Ball 2-2: Foul Ball, location: 2F 2-2: Ball 3-2: Strikes out looking
|
Batting: RHB Adeiny Hechavarria
|
0-0: Ball 1-0: Ball 2-0: Swinging Strike 2-1: Called Strike 2-2: Foul Ball, location: 2F 2-2: Ground out 5-3 (Groundball, 56S, EV 70.0 MPH)
|
Top of the 3rd over - 0 runs, 0 hits, 0 errors, 0 left on base; Washington 0 - San Diego 3 |
BOTTOM OF THE 3RD |
San Diego Padres batting - Pitching for Washington Nationals : RHP Dustin May
|
Batting: RHB Jose Altuve
|
0-0: Ball 1-0: Swinging Strike 1-1: Foul Ball, location: 2F 1-2: Ball 2-2: Foul Ball, location: 2F 2-2: Ball 3-2: Ground out 5-3 (Groundball, 25, EV 70.6 MPH)
|
Batting: LHB Mike Tauchman
|
0-0: Ball 1-0: Called Strike 1-1: Called Strike 1-2: Strikes out swinging
|
Batting: LHB Max Kepler
|
0-0: Foul Ball, location: 2F 0-1: Foul Ball, location: 2F 0-2: Ball 1-2: Ball 2-2: Fly out, F6 (Popup, 4MD, EV 40.0 MPH)
|
Bottom of the 3rd over - 0 runs, 0 hits, 0 errors, 0 left on base; Washington 0 - San Diego 3 |
TOP OF THE 4TH |
Washington Nationals batting - Pitching for San Diego Padres : RHP German Marquez
|
Batting: LHB Yonder Alonso
|
0-0: Called Strike 0-1: Foul Ball, location: 2F 0-2: Strikes out swinging
|
Batting: RHB Chris Taylor
|
0-0: Foul Ball, location: 2F 0-1: Called Strike 0-2: Ball 1-2: Ball 2-2: DOUBLE (Line Drive, 89D, EV 103.8 MPH)
|
Batting: RHB Evan Longoria
|
0-0: Called Strike 0-1: 2-RUN HOME RUN (Flyball, 7LD, EV 106.9 MPH), Distance : 351 ft
|
Batting: LHB Jackie Bradley Jr.
|
0-0: Ground out 6-3 (Groundball, 4, EV 83.8 MPH)
|
Batting: LHB Matt Beaty
|
0-0: Ball 1-0: Ball 2-0: Ball 3-0: Called Strike 3-1: Called Strike 3-2: Foul Ball, location: 2F 3-2: Foul Ball, location: 2F 3-2: Strikes out swinging
|
Top of the 4th over - 2 runs, 2 hits, 0 errors, 0 left on base; Washington 2 - San Diego 3 |
BOTTOM OF THE 4TH |
San Diego Padres batting - Pitching for Washington Nationals : RHP Dustin May
|
Batting: SHB Carlos Santana
|
0-0: Ball 1-0: Ball 2-0: Called Strike 2-1: Ball 3-1: Called Strike 3-2: Foul Ball, location: 2F 3-2: Foul Ball, location: 2F 3-2: Fly out, F7 (Flyball, 7, EV 92.5 MPH)
|
Batting: SHB Freddy Galvis
|
0-0: Foul Ball, location: 2F 0-1: Called Strike 0-2: SINGLE (Groundball, 4D, EV 96.3 MPH)
|
Batting: SHB Johan Camargo
|
0-0: Fly out, F9 (Flyball, 89S, EV 75.0 MPH)
|
Batting: RHB German Marquez
|
0-0: Ball 1-0: Ground out 5-3 (Groundball, 56, EV 80.6 MPH)
|
Bottom of the 4th over - 0 runs, 1 hit, 0 errors, 1 left on base; Washington 2 - San Diego 3 |
TOP OF THE 5TH |
Washington Nationals batting - Pitching for San Diego Padres : RHP German Marquez
|
Batting: RHB Tom Murphy
|
0-0: Called Strike 0-1: Called Strike 0-2: Foul Ball, location: 2F 0-2: Ball 1-2: Ground out 5-3 (Groundball, 56, EV 81.3 MPH)
|
Batting: RHB Dustin May
|
0-0: Ground out 6-3 (Groundball, 6D, EV 101.3 MPH)
|
Batting: LHB Andrew Benintendi
|
0-0: Called Strike 0-1: Foul Ball, location: 2F 0-2: Ball 1-2: Ball 2-2: Ground out 5-3 (Groundball, 56, EV 88.1 MPH)
|
Top of the 5th over - 0 runs, 0 hits, 0 errors, 0 left on base; Washington 2 - San Diego 3 |
BOTTOM OF THE 5TH |
San Diego Padres batting - Pitching for Washington Nationals : RHP Dustin May
|
Batting: RHB Lorenzo Cain
|
0-0: Ball 1-0: Called Strike 1-1: Fly out, F8 (Flyball, 8LS, EV 76.3 MPH)
|
Batting: SHB Victor Caratini
|
0-0: Called Strike 0-1: Ball 1-1: Ball 2-1: Ball 3-1: Called Strike 3-2: Fly out, F7 (Flyball, 7, EV 85.6 MPH)
|
Batting: RHB Jose Altuve
|
0-0: Called Strike 0-1: Foul Ball, location: 2F 0-2: Ball 1-2: Ball 2-2: Ball 3-2: Foul Ball, location: 2F 3-2: Base on Balls
|
Batting: LHB Mike Tauchman
|
0-0: Fly out, F5 (Popup, 6S, EV 70.6 MPH)
|
Bottom of the 5th over - 0 runs, 0 hits, 0 errors, 1 left on base; Washington 2 - San Diego 3 |
TOP OF THE 6TH |
Washington Nationals batting - Pitching for San Diego Padres : RHP German Marquez
|
Batting: RHB Adeiny Hechavarria
|
0-0: Ball 1-0: Ball 2-0: Ball 3-0: Called Strike 3-1: Foul Ball, location: 2F 3-2: Strikes out looking
|
Batting: LHB Yonder Alonso
|
0-0: Ball 1-0: Swinging Strike 1-1: Called Strike 1-2: Ball 2-2: Foul Ball, location: 2F 2-2: Ground out U3 (Groundball, 34S, EV 91.9 MPH)
|
Batting: RHB Chris Taylor
|
0-0: Called Strike 0-1: Ball 1-1: Ball 2-1: SINGLE (Line Drive, 9S, EV 94.4 MPH)
|
Pitching: RHP Archie Bradley
|
|
Batting: RHB Evan Longoria
|
0-0: Ball 1-0: Foul Ball, location: 2F 1-1: Foul Ball, location: 2F 1-2: Ball 2-2: Strikes out swinging
|
Top of the 6th over - 0 runs, 1 hit, 0 errors, 1 left on base; Washington 2 - San Diego 3 |
BOTTOM OF THE 6TH |
San Diego Padres batting - Pitching for Washington Nationals : RHP Dustin May
|
Pitching: RHP Miguel Romero
|
|
Now at 3B: Jed Lowrie
|
|
Batting: LHB Max Kepler
|
0-0: Ball 1-0: Ball 2-0: Ball 3-0: Called Strike 3-1: Base on Balls
|
Batting: SHB Carlos Santana
|
0-0: Called Strike 0-1: Fly out, F9 (Flyball, 9LD, EV 93.1 MPH)
|
Batting: SHB Freddy Galvis
|
0-0: Ball Balk! Max Kepler to second 1-0: Foul Ball, location: 2F 1-1: Ball 2-1: Ball 3-1: Swinging Strike 3-2: Base on Balls
|
Batting: SHB Johan Camargo
|
0-0: Fly out, F9 (Flyball, 89M, EV 94.4 MPH)
|
Pinch Hitting: RHB Hunter Renfroe
|
0-0: Foul Ball, location: 2F 0-1: Fly out, F8 (Flyball, 8LM, EV 90.6 MPH)
|
Bottom of the 6th over - 0 runs, 0 hits, 0 errors, 2 left on base; Washington 2 - San Diego 3 |
TOP OF THE 7TH |
Washington Nationals batting - Pitching for San Diego Padres : RHP Archie Bradley
|
Pitching: LHP A.J. Minter
|
|
Batting: LHB Jackie Bradley Jr.
|
0-0: Swinging Strike 0-1: Swinging Strike 0-2: Ball 1-2: Ball 2-2: Foul Ball, location: 2F 2-2: Foul Ball, location: 2F 2-2: Ball 3-2: Fly out, F6 (Popup, 4MD, EV 43.8 MPH)
|
Batting: LHB Matt Beaty
|
0-0: Called Strike 0-1: Fly out, F7 (Line Drive, 7, EV 102.5 MPH)
|
Batting: RHB Tom Murphy
|
0-0: Swinging Strike 0-1: Ball 1-1: Swinging Strike 1-2: Strikes out swinging
|
Top of the 7th over - 0 runs, 0 hits, 0 errors, 0 left on base; Washington 2 - San Diego 3 |
BOTTOM OF THE 7TH |
San Diego Padres batting - Pitching for Washington Nationals : RHP Miguel Romero
|
Pitching: LHP Steve Hathaway
|
|
Batting: RHB Lorenzo Cain
|
0-0: Ball 1-0: Foul Ball, location: 2F 1-1: Ball 2-1: Ball 3-1: Base on Balls
|
Batting: SHB Victor Caratini
|
0-0: Called Strike 0-1: Ball 1-1: Swinging Strike 1-2: Foul Ball, location: 2F 1-2: Strikes out looking
|
Batting: RHB Jose Altuve
|
0-0: Ball 1-0: Ball 2-0: Ball 3-0: Called Strike 3-1: Base on Balls Lorenzo Cain to second
|
Batting: LHB Mike Tauchman
|
0-0: Ball 1-0: 3-RUN HOME RUN (Flyball, 9D, EV 103.8 MPH), Distance : 380 ft
|
Pitching: RHP Zack Burdi
|
|
Batting: LHB Max Kepler
|
0-0: Ball 1-0: Ball 2-0: Ball 3-0: Called Strike 3-1: Foul Ball, location: 2F 3-2: Foul Ball, location: 2F 3-2: SINGLE (Groundball, 4D, EV 105.0 MPH)
|
Batting: SHB Carlos Santana
|
0-0: Foul Ball, location: 2F 0-1: Grounds into double play, U6-3 (Groundball, P, EV 85.6 MPH)
|
Bottom of the 7th over - 3 runs, 2 hits, 0 errors, 0 left on base; Washington 2 - San Diego 6 |
TOP OF THE 8TH |
Washington Nationals batting - Pitching for San Diego Padres : LHP A.J. Minter
|
Pitching: RHP Jose Leclerc
|
|
Batting: SHB Jed Lowrie
|
0-0: Called Strike 0-1: Foul Ball, location: 2F 0-2: Strikes out looking
|
Batting: LHB Andrew Benintendi
|
0-0: Ball 1-0: Called Strike 1-1: Foul Ball, location: 2F 1-2: Foul Ball, location: 2F 1-2: Foul Ball, location: 2F 1-2: Ball 2-2: Strikes out looking
|
Batting: RHB Adeiny Hechavarria
|
0-0: Called Strike 0-1: Ball 1-1: Ball 2-1: Ball 3-1: Foul Ball, location: 2F 3-2: Strikes out looking
|
Top of the 8th over - 0 runs, 0 hits, 0 errors, 0 left on base; Washington 2 - San Diego 6 |
BOTTOM OF THE 8TH |
San Diego Padres batting - Pitching for Washington Nationals : RHP Zack Burdi
|
Batting: SHB Freddy Galvis
|
0-0: Foul Ball, location: 2F 0-1: Ball 1-1: Foul Ball, location: 2F 1-2: SINGLE (Line Drive, 56D, EV 105.0 MPH)
|
Batting: SHB Johan Camargo
|
0-0: Ground out 4-3 (Groundball, 34, EV 103.8 MPH) Freddy Galvis to second
|
Pinch Hitting: RHB Amed Rosario
|
0-0: Ball 1-0: Called Strike 1-1: Ball 2-1: Ball 3-1: Swinging Strike 3-2: Fly out, F8 (Flyball, 8LM, EV 88.8 MPH)
|
Batting: RHB Lorenzo Cain
|
0-0: Ball 1-0: Fly out, F9 (Flyball, 9LS, EV 91.9 MPH)
|
Bottom of the 8th over - 0 runs, 1 hit, 0 errors, 1 left on base; Washington 2 - San Diego 6 |
TOP OF THE 9TH |
Washington Nationals batting - Pitching for San Diego Padres : RHP Jose Leclerc
|
Pitching: RHP Will LaMarche
|
|
Batting: LHB Yonder Alonso
|
0-0: Called Strike 0-1: Foul Ball, location: 2F 0-2: Ball 1-2: Strikes out swinging
|
Batting: RHB Chris Taylor
|
0-0: Called Strike 0-1: Ball 1-1: Called Strike 1-2: Strikes out swinging
|
Pinch Hitting: LHB Adam Eaton
|
0-0: Called Strike 0-1: Ball 1-1: Called Strike 1-2: Ground out 6-3 (Groundball, 6M, EV 84.4 MPH)
|
Top of the 9th over - 0 runs, 0 hits, 0 errors, 0 left on base; Washington 2 - San Diego 6 |
|